 Dungeon Crawl Stone Soup version 0.31-a0-188-g5e087ee2ca (webtiles) character file.

Game seed: 5332108841258472825

135 lessens the Sneak (level 5, -11/41 HPs)
             Began as a Formicid Delver on June 24, 2023.
             Was an Initiate of Okawaru.
             Mangled by an ogre
             ... wielding a +0 giant club
              (15 damage)
             ... on level 4 of the Dungeon.
             The game lasted 00:04:25 (3701 turns).

lessens the Sneak (Formicid Delver)                 Turns: 3701, Time: 00:04:25

Health: -11/41     AC:  6    Str: 18    XL:     5   Next: 42%
Magic:  5/5        EV: 11    Int: 10    God:    Okawaru [......]
Gold:   211        SH:  5    Dex: 15    Spells: 4/4 levels left

rFire   . . .        a - +0 hand axe
rCold   . . .        (no shield)
rNeg    . . .        q - +0 ring mail
rPois   .            (helmet unavailable)
rElec   .            (no cloak)
rCorr   .            g - +0 pair of gloves
SInv    +            (no boots)
Will    .....        i - amulet of reflection
Stlth   +++          (no ring)
HPRegen 0.26/turn    (no ring)
MPRegen 0.09/turn

%: reflection
@: no status effects
A: permanent stasis, dig shafts and tunnels, antennae 3, four strong arms
a: Dig, Shaft Self, Renounce Religion


You were on level 4 of the Dungeon.
You worshipped Okawaru.
Okawaru was noncommittal.
You visited 2 branches of the dungeon, and saw 6 of its levels.

You collected 211 gold pieces.

Inventory:

Hand Weapons
 a - a +0 hand axe (weapon)
Missiles
 h - 56 stones
 l - 7 atropa-tipped darts (quivered)
Armour
 b - a +0 leather armour
 g - a +0 pair of gloves (worn)
 q - a +0 ring mail (worn)
Jewellery
 i - an amulet of reflection (around neck)
 v - an amulet of regeneration
 z - a ring of magical power
Wands
 f - a wand of digging (3)
Scrolls
 c - a scroll of fog
 d - a scroll of revelation
 e - 2 scrolls of fear
 j - a scroll of poison {unknown}
 k - 3 scrolls of identify {unknown}
 n - 2 scrolls of acquirement {unknown}
 p - a scroll of torment {unknown}
 r - a scroll of noise {unknown}
 u - a scroll of immolation {unknown}
 w - 3 scrolls of teleportation {unknown}
 y - a scroll of blinking {unknown}
 A - 2 scrolls of silence {unknown}
 B - a scroll of amnesia {unknown}
Potions
 m - a potion of invisibility
 o - 4 potions of haste {unknown}
 s - a potion of mutation {unknown}
 t - a potion of cancellation {unknown}
 x - 3 potions of curing {unknown}


   Skills:
 - Level 3.2 Fighting
 + Level 5.2 Axes
 - Level 1.7 Dodging
 - Level 6.0 Stealth


You had 4 spell levels left.
You didn't know any spells.
Your spell library was empty.

Dungeon Overview and Level Annotations

Branches:
Dungeon (5/15) Zot: 23545  Temple (1/1) D:4 Zot: 5932

Altars:
Ashenzari
Dithmenos
Hepliaklqana
Okawaru
Ru
Trog
Vehumet
Wu Jian
Yredelemnul
Zin

Annotations:
D:3 2 runed translucent doors, lunkers's ghost, amateur MeTm


Innate Abilities, Weirdness & Mutations

You cannot be hasted, slowed, berserked, paralysed or teleported.
You can dig through walls and to a lower floor.
You have a pair of large antennae on your head. (SInv)
Your four strong arms can wield two-handed weapons with a shield.


Message History

An ogre comes into view. It is wielding a +0 giant club.
Found a buckler.
An ogre is nearby!
An ogre is nearby!
The ogre shouts!
The ogre misses you.
Throw: 10 darts (atropa)
Press: ? - help, Q - select action, (/) - cycle Shift-Dir - straight line, f - ogre
Aim: an ogre, wielding a +0 giant club (74% to hit, chance to blind on hit: 63%)
You throw an atropa-tipped dart. The atropa-tipped dart hits the ogre.
The ogre resists.
The ogre hits you with a +0 giant club!
Throw: 9 darts (atropa)
Press: ? - help, Q - select action, (/) - cycle Shift-Dir - straight line, f/p - ogre
Aim: an ogre, wielding a +0 giant club (74% to hit, chance to blind on hit: 63%)
You throw an atropa-tipped dart. The atropa-tipped dart hits the ogre.
The ogre appears confused.
You slash the ogre!
The ogre is moderately wounded.
The ogre seems less confused.
The ogre barely misses you.
You hit the ogre.
The ogre is moderately wounded.
You hit the ogre.
The ogre is moderately wounded.
The ogre hits you with a +0 giant club!
You slash the ogre!
The ogre is heavily wounded.
The ogre is no longer blind.
You hit the ogre.
The ogre is severely wounded.
The ogre hits you with a +0 giant club!
* * * LOW HITPOINT WARNING * * *
Throw: 8 darts (atropa)
Press: ? - help, Q - select action, (/) - cycle Shift-Dir - straight line, f/p - ogre
Aim: an ogre, wielding a +0 giant club (severely wounded, 74% to hit, chance to blind on hit: 63%)
You throw an atropa-tipped dart. The atropa-tipped dart hits the ogre.
The ogre appears confused.
The ogre is severely wounded.
The ogre seems less confused.
The ogre hits you with a +0 giant club!
You die...

## #.# # #### ##..###.#
##[..##.......#
###....##(.......
.......O@.......
#........[..### ##
######............###
##.##....###..........#.##
##..#....<................
#....................#...#
#..............#.#...##..##
..............#####.......###
........##....## #.....<##.##
##


You could see an ogre (blind).

Vanquished Creatures
  An orc priest (D:3)
  2 adders (D:3)
  A worm (D:2)
  4 dart slugs
  7 orcs
  5 ball pythons
  3 endoplasms
  6 giant cockroaches
  5 goblins
  4 hobgoblins
  3 jackals (D:3)
  4 kobolds
  6 quokkas
  6 bats
  A frilled lizard (D:2)
  7 rats
65 creatures vanquished.

Notes
Turn   | Place    | Note
-------+----------+-------------------------------------------
     0 | D:5      | lessens the Formicid Delver began the quest for the Orb.
     0 | D:5      | Reached XP level 1. HP: 18/18 MP: 1/1
    41 | D:5      | Noticed an iguana
    79 | D:4      | Reached XP level 2. HP: 24/24 MP: 2/2
   163 | D:3      | Found a large runed translucent door.
   163 | D:3      | Found a large runed translucent door.
   540 | D:1      | Reached XP level 3. HP: 29/29 MP: 3/3
  1903 | D:2      | Reached XP level 4. HP: 35/35 MP: 4/4
  2459 | D:3      | Noticed lunkers's ghost (amateur MeTm)
  2632 | D:3      | Reached XP level 5. HP: 20/41 MP: 5/5
  2710 | D:3      | Reached skill level 5 in Axes
  2935 | D:3      | Found an ornate altar of the Wu Jian Council.
  2935 | D:3      | Found a shadowy altar of Dithmenos.
  3551 | D:4      | Found a staircase to the Ecumenical Temple.
  3567 | Temple   | Entered the Ecumenical Temple
  3609 | Temple   | Became a worshipper of Warmaster Okawaru
  3688 | D:4      | Noticed an ogre
  3701 | D:4      | Mangled by an ogre

Illustrated notes

Levels and vault maps discovered:
D:1:      dpeg_arrival_prison, layout_basic, chequers_serial_rivers_small_b,
          minmay_3d_cube
D:2:      layout_loops_corners, roderic_lattice_a, dreamdust_wishing_well
D:3:      layout_basic, mainiacjoe_overflow_divided_tiny, serial_corexii_hall,
          corexii_hall_statues_t, chequers_hall_statues_corner_a,
          ebering_ghost_disaster_area
D:4:      layout_cave_pools, minmay_temple_entry_arrows, minmay_misc_feat_chi,
          chequers_decorated_corner
D:5:      layout_cave_pools, lemuel_zombie_altar_kikubaaqudgha,
          lemuel_coloured_pillars_altar
Temple:   regret_index_temple_sphere_string

Skill      XL: |  1  2  3  4  5 |
---------------+----------------+-----
Axes           | 3 4 5 |  5.2
Fighting       | |  3.2
Dodging        | |  1.7
Stealth        | |  6.0

Action                     |  1- 3 |  4- 6 || total
---------------------------+-------+-------++-------
  Melee: Hand axe          |   121 |    99 ||   220
         Punch             |     2 |     1 ||     3
  Throw: Dart              |       |     3 ||     3
    Use: Potion            |       |     1 ||     1
   Stab: Sleeping          |    15 |     6 ||    21
         Invisible         |       |     3 ||     3
 Armour: Leather armour    |     4 |       ||     4
         Ring mail         |    26 |    21 ||    47
  Dodge: Dodged            |    54 |    54 ||   108
  Block: Other             |    20 |    20 ||    40

Table legend: (Time is in decaauts)
 A = Elapsed time spent in this place.
 B = Non-inter-level travel time spent in this place.
 C = Inter-level travel time spent in this place.
 D = Time resting spent in this place.
 E = Time spent auto-exploring this place.
 F = Levels seen in this place.
 G = Mean time per level.
                   A        B        C        D        E       F      G
               +--------+--------+--------+--------+--------+-----+--------+
         Total |   3726 |   3544 |    182 |     55 |   2767 |   6 |  621.0 |
       Dungeon |   3658 |   3501 |    157 |     55 |   2735 |   5 |  731.6 |
        Temple |     67 |     42 |     25 |      0 |     32 |   1 |   67.0 |
               +--------+--------+--------+--------+--------+-----+--------+

Top non-repeatable levels by time:
     D:2: 1321 daAuts
     D:3: 1147 daAuts
     D:1: 920 daAuts
     D:4: 217 daAuts
  Temple: 67 daAuts
     D:5: 51 daAuts

Levels and vault maps discovered:
D:1:      dpeg_arrival_prison, layout_basic, chequers_serial_rivers_small_b,
          minmay_3d_cube
D:2:      layout_loops_corners, roderic_lattice_a, dreamdust_wishing_well
D:3:      layout_basic, mainiacjoe_overflow_divided_tiny, serial_corexii_hall,
          corexii_hall_statues_t, chequers_hall_statues_corner_a,
          ebering_ghost_disaster_area
D:4:      layout_cave_pools, minmay_temple_entry_arrows, minmay_misc_feat_chi,
          chequers_decorated_corner
D:5:      layout_cave_pools, lemuel_zombie_altar_kikubaaqudgha,
          lemuel_coloured_pillars_altar
Temple:   regret_index_temple_sphere_string
